 Dungeon Crawl Stone Soup version 0.26-a0-1132-ge9770dfcb6 (webtiles) character file.

Game seed: 12663788241371220146

1525 tilp the Changer (level 8, -4/54 HPs)
             Began as an Octopode Transmuter on Dec 20, 2020.
             Was an Initiate of Ru.
             Slain by a bullfrog (8 damage)
             ... in the Ecumenical Temple.
             The game lasted 00:19:23 (9078 turns).

tilp the Changer (Octopode Transmuter)              Turns: 9078, Time: 00:19:23

Health: -4/54      AC:  1    Str:  9    XL:     8   Next: 84%
Magic:  11/14      EV: 15    Int: 17    God:    Ru [......]
Gold:   339        SH:  5    Dex: 13    Spells: 9/15 levels left

rFire    . . .     SeeInvis .     - Unarmed
rCold    . . .     Faith    .   (no shield)
rNeg     . . .     Spirit   .   (helmet currently unavailable)
rPois    .         Reflect  +   b - amulet of reflection
rElec    .         Harm     .   e - ring of willpower
rCorr    .         Rampage  .   h - ring of stealth
Will     +....                  (no ring)
Stlth    ++++......             (no ring)
HPRegen  0.18/turn              (no ring)
MPRegen  0.14/turn              (no ring)
                                (no ring)
                                (no ring)

@: appendages, wereblooded
A: almost no armour, stealthy swim, amphibious, 8 rings, constrict 8, tentacle
spike 3, camouflage 1, gelatinous body 1
a: End Transformation, Renounce Religion, Sacrifice Words, Sacrifice Health,
Sacrifice Skill, Reject Sacrifices


You were in the Ecumenical Temple.
You worshipped Ru.
Ru was noncommittal.
One of your tentacles had a temporary spike.
You visited 2 branches of the dungeon, and saw 8 of its levels.

You collected 397 gold pieces.
You spent 58 gold pieces at shops.

Inventory:

Missiles
 a - 157 stones
 f - 26 poisoned darts (quivered)
 i - a throwing net {!f}
 k - 6 javelins
Armour
 w - a +1 kite shield
Jewellery
 b - an amulet of reflection (around mantle)
 e - a ring of willpower (left tentacle)
 h - a ring of stealth (right tentacle)
 u - an uncursed ring of fire
Wands
 x - a wand of random effects (13)
Scrolls
 j - a scroll of fog
 m - 4 scrolls of remove curse
 n - 2 scrolls of teleportation
 o - 3 scrolls of fear {unknown}
 q - 2 scrolls of magic mapping
 r - a scroll of enchant armour
 t - 2 scrolls of enchant weapon {unknown}
 v - a scroll of immolation {unknown}
 y - a scroll of brand weapon {unknown}
Potions
 c - a potion of lignification
 d - 4 potions of curing
 g - 3 potions of magic
 l - 2 potions of mutation {unknown}
 p - a potion of haste
 s - 2 potions of ambrosia
 z - a potion of flight {unknown}


   Skills:
 - Level 4.0 Fighting
 - Level 4.0 Dodging
 - Level 4.0 Stealth
 + Level 4.7 Unarmed Combat
 - Level 4.0 Spellcasting
 - Level 7.0 Transmutations
 - Level 2.0 Poison Magic


You had 9 spell levels left.
You knew the following spells:

 Your Spells              Type           Power        Failure   Level
a - Beastly Appendage     Tmut           54%          1%          1
b - Wereblood             Tmut           27%          1%          2
c - Spider Form           Tmut/Pois      9%           8%          3

Your spell library contained the following spells:

 Spells                   Type           Power        Failure   Level
 Blade Hands              Tmut           13%          24%         5
 Ice Form                 Ice/Tmut       15%          36%         4


Dungeon Overview and Level Annotations

Branches:
Dungeon (7/15)             Temple (1/1) D:7

Altars:
Dithmenos
Nemelex Xobeh
Ru
Sif Muna
Trog
Zin
Beogh

Shops:
D:5 :[:(

Annotations:
D:2 2 transporters
D:4 Grinder
D:6 exclusions: orc, orc priest and orc warrior


Innate Abilities, Weirdness & Mutations

You cannot wear most types of armour.
You are very stealthy in the water. (Stealth+)
You are amphibious.
You can wear up to eight rings at the same time.
You can use your tentacles to constrict eight enemies at once.
Your skin changes colour to match your surroundings (Stealth+).
Your rubbery body absorbs attacks. (AC +1, EV +1)
One of your tentacles bears a large vicious spike.


Message History

The bullfrog barely misses you.
You closely miss the orc. You grab the orc. You constrict the orc.
The bullfrog hits you.
* * * LOW HITPOINT WARNING * * *
The orc misses you.
You miss the bullfrog. Your grab misses the bullfrog.
You pierce the bullfrog.
The bullfrog is lightly wounded.
You constrict the orc. The bullfrog hits you!
* * * LOW HITPOINT WARNING * * *
You block the orc's attack.
You bludgeon the bullfrog! You grab the bullfrog.
The bullfrog is heavily wounded.
You constrict the bullfrog. You constrict the orc. The bullfrog hits you.
* * * LOW HITPOINT WARNING * * *
You block the bullfrog's attack. The orc hits you with a +0 hand axe.
* * * LOW HITPOINT WARNING * * *
You barely miss the bullfrog.
The bullfrog is heavily wounded.
You constrict the bullfrog. You constrict the orc. The bullfrog hits you!
You die...

##+##
##...#
###....#
##......#
##...F...#
#....@o..#
+........#
#........#
##########


You could see a bullfrog and an orc.

Vanquished Creatures
  A water moccasin (D:6)
  2 orc warriors (D:7)
  A centaur (D:5)
  A bullfrog (D:7)
  A water moccasin zombie (D:6)
  A scorpion (D:7)
  4 killer bees
  A howler monkey (D:6)
  3 orc priests
  A hound (D:5)
  A jelly (D:7)
  A bullfrog skeleton (D:5)
  An iguana (D:5)
  Jessica (D:5)
  5 orc wizards
  5 worker ants
  A hound zombie (D:6)
  4 gnolls (D:2)
  6 adders
  2 howler monkey skeletons
  A white imp (D:7)
  2 oozes
  An adder skeleton (D:4)
  4 worms
  3 dart slugs (D:1)
  6 leopard geckos
  23 orcs
  6 bats
  6 giant cockroaches
  11 goblins
  9 hobgoblins
  8 jackals
  A quokka (D:7)
  4 ball pythons
  10 frilled lizards
  8 kobolds
  9 rats
155 creatures vanquished.

Vanquished Creatures (others)
  5 toadstools (D:1)
5 creatures vanquished.

Grand Total: 160 creatures vanquished

Notes
Turn   | Place    | Note
-------+----------+-------------------------------------------
     0 | D:1      | tilp the Octopode Transmuter began the quest for the Orb.
     0 | D:1      | Reached XP level 1. HP: 13/13 MP: 3/3
   109 | D:1      | Reached skill level 1 in Stealth
   371 | D:1      | Reached XP level 2. HP: 17/18 MP: 3/5
   376 | D:1      | Learned a level 2 spell: Wereblood
   737 | D:1      | Reached XP level 3. HP: 24/24 MP: 2/6
  1629 | D:2      | Noticed a sky beast
  1632 | D:2      | Noticed a scorpion
  1633 | D:2      | Found a transporter.
  1633 | D:2      | Found a shadowy altar of Dithmenos.
  1641 | D:2      | Reached XP level 4. HP: 29/29 MP: 5/7
  1662 | D:2      | Found a transporter.
  2183 | D:2      | HP: 1/29 [ooze (4)]
  2189 | D:2      | Reached XP level 5. HP: 4/34 MP: 5/8
  3801 | D:4      | Reached skill level 3 in Transmutations
  4106 | D:4      | Reached XP level 6. HP: 37/39 MP: 6/10
  4403 | D:4      | Found a roughly hewn altar of Beogh.
  4403 | D:4      | Noticed Grinder
  4796 | D:5      | Entered Level 5 of the Dungeon
  4796 | D:5      | Found Demma's Antique Weapon Shop.
  4845 | D:5      | Noticed a sky beast
  4960 | D:5      | Reached skill level 4 in Transmutations
  5148 | D:5      | Found a bloodstained altar of Trog.
  5170 | D:5      | Reached XP level 7. HP: 45/45 MP: 10/13
  5253 | D:5      | Found Ughoicilenn's Book Emporium.
  5316 | D:5      | Found Qyc Teit's Armour Shoppe.
  5319 | D:5      | Bought a +0 kite shield for 58 gold pieces
  5323 | D:5      | Learned a level 3 spell: Spider Form
  5624 | D:5      | Noticed Jessica
  5633 | D:5      | Killed Jessica
  5638 | D:5      | Found a shimmering blue altar of Sif Muna.
  5687 | D:5      | Found Nirruem's Book Shoppe.
  6102 | D:6      | Reached skill level 5 in Transmutations
  6638 | D:6      | Reached skill level 6 in Transmutations
  6645 | D:6      | Reached skill level 1 in Poison Magic
  6680 | D:6      | Found a sacrificial altar of Ru.
  6690 | D:6      | Became a worshipper of Ru the Awakened
  7506 | D:6      | Reached XP level 8. HP: 15/51 MP: 14/14
  8253 | D:7      | Found a staircase to the Ecumenical Temple.
  8260 | Temple   | Entered the Ecumenical Temple
  8787 | D:7      | Found a sparkling altar of Nemelex Xobeh.
  8942 | D:7      | Found a glowing silver altar of Zin.
  9035 | D:7      | Reached skill level 7 in Transmutations
  9078 | Temple   | Slain by a bullfrog

Illustrated notes

Levels and vault maps discovered:
D:1:      ldierk_walled_garden, layout_rooms
D:2:      layout_rooms, gammafunk_temple_overflow_arena,
          corexii_hall_statues_deadend
D:3:      layout_basic
D:4:      layout_loops_corners, kennysheep_orc_chapel, uniq_grinder
D:5:      layout_rooms, kennysheep_vampire_church, tgw_sif, kennysheep_mini,
          serial_shops, kennysheep_mini_moat, shop, shop, shop
D:6:      layout_rooms, lemuel_round_altar
D:7:      layout_cave_pools, zin_statuary, minmay_temple_entry_stoned_glass,
          basic_altar, grunt_ministairs_10
Temple:   regret_index_temple_generic_petals

Skill      XL: |  1  2  3  4  5  6  7  8 |
---------------+-------------------------+-----
Stealth        | 1 2 3 4 |  4.0
Fighting       | 2 4 |  4.0
Unarmed Combat | 4 |  4.7
Transmutations | 3 4 6 7 |  7.0
Spellcasting   | 3 4 |  4.0
Poison Magic   | 2 |  2.0
Dodging        | 4 |  4.0

Action                   |  1- 3 |  4- 6 |  7- 9 || total
-------------------------+-------+-------+-------++-------
Melee: Unarmed           |    64 |   150 |   186 ||   400
       Constrict         |    22 |    38 |    40 ||   100
       Kick              |    19 |    30 |    47 ||    96
       Tentacles         |    11 |    29 |    27 ||    67
       Punch             |     2 |     4 |     6 ||    12
Throw: Stone             |    27 |       |       ||    27
       Dart              |    10 |    46 |    68 ||   124
 Cast: Beastly Appendage |    19 |    35 |    30 ||    84
       Wereblood         |     3 |     9 |     8 ||    20
       Spider Form       |       |       |     1 ||     1
Evoke: Wand              |       |       |     2 ||     2
  Use: Potion            |       |     1 |     2 ||     3
       Scroll            |       |    11 |     5 ||    16
 Stab: Sleeping          |     4 |    12 |     1 ||    17
Armor: Skin              |     3 |     4 |     8 ||    15
Dodge: Dodged            |    42 |    68 |   119 ||   229
Block: Other             |       |    19 |    49 ||    68
       Reflection        |       |     1 |     1 ||     2

Table legend: (Time is in decaauts)
 A = Elapsed time spent in this place.
 B = Non-inter-level travel time spent in this place.
 C = Inter-level travel time spent in this place.
 D = Time resting spent in this place.
 E = Time spent auto-exploring this place.
 F = Levels seen in this place.
 G = Mean time per level.
                   A        B        C        D        E       F      G
               +--------+--------+--------+--------+--------+-----+--------+
         Total |   9061 |   8649 |    412 |   3528 |   3315 |   8 | 1132.6 |
       Dungeon |   8635 |   8223 |    412 |   3122 |   3315 |   7 | 1233.6 |
        Temple |    425 |    425 |      0 |    406 |      0 |   1 |  425.0 |
               +--------+--------+--------+--------+--------+-----+--------+

Top non-repeatable levels by time:
     D:1: 1858 daAuts
     D:6: 1566 daAuts
     D:4: 1351 daAuts
     D:5: 1058 daAuts
     D:2: 951 daAuts
     D:3: 940 daAuts
     D:7: 909 daAuts
  Temple: 425 daAuts
